 Dungeon Crawl Stone Soup version 0.24.1-5-g77f818bfca (webtiles) character file.

Game seed: 5783616146177454908, levelgen mode: deterministic

111 Atelerd the Sneak (level 4, -9/28 HPs)
             Began as an Octopode Wizard on Apr 23, 2020.
             Killed by divine providence
             ... invoked by an orc priest
              (13 damage)
             ... on level 3 of the Dungeon.
             The game lasted 00:04:24 (3608 turns).

Atelerd the Sneak (Octopode Wizard)                 Turns: 3608, Time: 00:04:24

Health: -9/28      AC:  1    Str:  6    XL:     4   Next: 92%
Magic:  8/8        EV: 13    Int: 21    God:
Gold:   99         SH:  0    Dex: 10    Spells: 0/9 levels left

rFire    . . .     SeeInvis .   n - +0 dagger (venom)
rCold    . . .     Gourm    .   (no shield)
rNeg     . . .     Faith    .   a - +0 hat
rPois    .         Spirit   .   (no amulet)
rElec    .         Reflect  .   (no ring)
rCorr    .         Harm     .   (no ring)
MR       .....                  (no ring)
Stlth    +++.......             (no ring)
HPRegen  0.09/turn              (no ring)
MPRegen  0.11/turn              (no ring)
                                (no ring)
                                (no ring)

@: no status effects
A: almost no armour, stealthy swim, amphibious, 8 rings, constrict 8, camouflage
1, gelatinous body 1
a: no special abilities


You were on level 3 of the Dungeon.
You were not hungry.

You visited 1 branch of the dungeon, and saw 3 of its levels.

You collected 99 gold pieces.

Inventory:

Hand Weapons
 f - a +0 mace
 j - a +0 dagger
 n - a +0 dagger of venom (weapon)
Missiles
 p - 8 atropa-tipped darts (quivered)
Armour
 a - a +0 hat (worn)
 k - a +0 buckler
Scrolls
 b - 3 scrolls of enchant weapon {unknown}
 e - 2 scrolls of magic mapping {unknown}
 h - 3 scrolls of identify {unknown}
 i - 3 scrolls of remove curse {unknown}
 l - a scroll of teleportation {unknown}
 m - a scroll of enchant armour {unknown}
 o - a scroll of immolation {unknown}
Potions
 d - 2 potions of cancellation {unknown}
 g - a potion of berserk rage {unknown}
 q - a potion of degeneration {unknown}
 r - a potion of flight {unknown}
 s - a potion of invisibility {unknown}
Comestibles
 c - 2 rations


   Skills:
 + Level 1.3 Fighting
 + Level 2.7 Dodging
 + Level 3.7 Stealth
 + Level 0.8 Shields
 + Level 3.3 Spellcasting
 * Level 2.5 Conjurations
   Level 1.0 Summonings
 - Level 1.0 Translocations


You couldn't memorise any spells.
You knew the following spells:

 Your Spells              Type           Power        Failure   Level  Hunger
a - Magic Dart            Conj           ##..         4%          1    None
b - Mephitic Cloud        Conj/Pois/Air  #.......     26%         3    ###....
c - Blink                 Tloc           N/A          13%         2    ##.....
d - Conjure Flame         Conj/Fire      #.......     22%         3    ###....

Your spell library contained the following spells:

 Spells                   Type           Power        Failure   Level  Hunger
 Call Imp                 Summ           #.......     13%         2    ##.....
 Slow                     Hex            #.......     21%         2    ##.....


Dungeon Overview and Level Annotations

Branches:
Dungeon (3/15)

Altars:

Annotations:
D:1 exclusion: downstairs


Innate Abilities, Weirdness & Mutations

You cannot wear most types of armour.
You are very stealthy in the water. (Stealth+)
You are amphibious.
You can wear up to eight rings at the same time.
You can use your tentacles to constrict eight enemies at once.
Your skin changes colour to match your surroundings (Stealth+).
Your rubbery body absorbs attacks. (AC +1, EV +1)


Message History

The orc shouts!
The orc priest shouts!
You grab the orc. You constrict the orc. The orc hits you.
The orc closely misses you.
You hit the orc.
The orc is poisoned.
The orc is severely wounded.
You constrict the orc.
The orc priest begins to cast a cantrip, but forgets the words!
The orc hits you. The orc closely misses you.
You hit the orc but do no damage.
The orc looks even sicker.
The orc is almost dead.
You constrict the orc.
You kill the orc!
The orc priest mumbles some strange prayers to Beogh against you.
Beogh smites you!
Ouch! That really hurt!
* * * LOW HITPOINT WARNING * * *
The orc closely misses you.
The orc priest calls down the wrath of Beogh upon you.
Beogh smites you!
You die...

.#..... ....o..#
#.....# #.....# ..
#$....#########..
#....o...........
###.....o..........
...................
##....@...........
###................
...................
##.................
#.................
#.................
#.................
#.................
#..................


You could see an orc priest and 2 orcs.

Vanquished Creatures
  3 adders
  3 worms (D:2)
  2 dart slugs (D:1)
  3 leopard geckos
  2 orcs (D:3)
  10 bats
  4 giant cockroaches
  8 goblins
  7 hobgoblins
  3 jackals
  8 kobolds
  3 quokkas
  3 frilled lizards
  6 rats
65 creatures vanquished.

Notes
Turn   | Place    | Note
-------+----------+-------------------------------------------
     0 | D:1      | Atelerd the Octopode Wizard began the quest for the Orb.
     0 | D:1      | Reached XP level 1. HP: 11/11 MP: 4/4
   118 | D:1      | Reached XP level 2. HP: 15/18 MP: 0/6
  1261 | D:1      | Reached XP level 3. HP: 14/22 MP: 7/7
  1709 | D:2      | Reached skill level 1 in Fighting
  2341 | D:2      | Reached XP level 4. HP: 20/28 MP: 0/8
  2363 | D:2      | Learned a level 3 spell: Mephitic Cloud
  2366 | D:2      | Learned a level 2 spell: Blink
  2370 | D:2      | Learned a level 3 spell: Conjure Flame
  3608 | D:3      | Killed from afar by an orc priest

Levels and vault maps discovered:
D:1:      doesnt_arrival_eight_statues, layout_loops_corners
D:2:      layout_rooms, first_ration, minmay_strange_pillars
D:3:      layout_basic, chequers_serial_rivers_micro_e, serial_bayou_lagoon_a,
          st_stairs_1, lemuel_tele_altar

Skill      XL: |  1  2  3 |
---------------+----------+-----
Stealth        | 3 |  3.7
Fighting       | 1 |  1.3
Conjurations   | 2 |  2.5
Dodging        | |  2.7
Shields        | |  0.8
Spellcasting   | |  3.3
Summonings     | |  1.0
Translocations | |  1.0

Action                   |  1- 3 |  4- 6 || total
-------------------------+-------+-------++-------
Melee: Unarmed           |    28 |       ||    28
       Tentacles         |    13 |     2 ||    15
       Constrict         |    22 |    16 ||    38
       Mace              |    57 |       ||    57
       Dagger            |       |    57 ||    57
 Cast: Magic Dart        |    27 |    13 ||    40
 Stab: Sleeping          |    11 |     5 ||    16
  Eat: Chunk             |     4 |     2 ||     6
       Ration            |       |     1 ||     1
Armor: Skin              |    11 |     5 ||    16
Dodge: Dodged            |    86 |    39 ||   125
